 Dungeon Crawl Stone Soup version 0.31-a0-691-g409c26aa35 (webtiles) character file.

Game seed: 8064868649216271771

80 qw the Shooter (level 4, 0/27 HPs)
             Began as a Gargoyle Hunter on Sept 6, 2023.
             Slain by a goblin
             ... wielding a +0 dagger
             ... led by Robin
              (2 damage)
             ... on level 2 of the Dungeon.
             The game lasted 00:00:31 (1408 turns).

qw the Shooter (Gargoyle Hunter)                    Turns: 1408, Time: 00:00:31

Health: 0/27       AC: 10    Str: 15    XL:     4   Next: 39%
Magic:  4/4        EV: 16    Int:  9    God:
Gold:   18         SH:  0    Dex: 15    Spells: 3/3 levels left

rFire   . . .        Y - +0 shortbow
rCold   . . .        (shield currently unavailable)
rNeg    + . .        h - +0 ring mail
rPois   inf          (no helmet)
rElec   +            (no cloak)
rCorr   .            (no gloves)
SInv    .            j - +0 pair of boots
Will    .....        (no amulet)
Stlth   +            d - +5 ring of evasion
HPRegen 0.24/turn    (no ring)
MPRegen 0.09/turn

%: no passive effects
@: no status effects
A: sickness immunity, AC +3, negative energy resistance 1, electricity
resistance, torment resistance 1, petrification resistance
a: no special abilities


You were on level 2 of the Dungeon.
You visited 1 branch of the dungeon, and saw 2 of its levels.

You collected 38 gold pieces.
You spent 20 gold pieces at shops.


Innate Abilities, Weirdness & Mutations

You are immune to sickness and miasma.
Your stone body is resilient. (AC +3)
You are immune to poison.
You resist negative energy. (rN+)
You are resistant to electric shocks. (rElec)
You are resistant to unholy torment.
You are immune to petrification.


   Skills:
 + Level 2.9 Fighting
 - Level 5.0 Ranged Weapons
 - Level 2.1 Armour
 - Level 1.5 Dodging
 - Level 1.1 Stealth


You had 3 spell levels left.
You didn't know any spells.
Your spell library was empty.

Inventory:

Hand Weapons
 Y - a +0 shortbow (weapon)
Armour
 h - a +0 ring mail (worn)
 j - a +0 pair of boots (worn)
Jewellery
 d - a +5 ring of evasion (left hand)
Scrolls
 a - 2 scrolls of identify
Potions
 b - a potion of heal wounds {unknown}
 c - a potion of resistance {unknown}
 f - a potion of mutation {unknown}
 g - a potion of curing

Dungeon Overview and Level Annotations

Branches:
Dungeon (2/15)

Altars:

Shops:
D:2 ?

Annotations:
D:2 Robin


Message History

The goblin closely misses you. The goblin barely misses you.
The goblin closely misses you. x2; The goblin barely misses you.
You shoot an arrow. The arrow hits the goblin!
You kill the goblin!
The goblin no longer looks unusually strong.
The goblin closely misses you.
You shoot an arrow.
The arrow hits the goblin but does no damage.
Robin throws the goblin at you! The goblin barely misses you.
The goblin closely misses you.
You shoot an arrow. The arrow barely misses the adder.
The arrow hits Robin!
Robin is heavily wounded.
The adder closely misses you. The goblin closely misses you.
The goblin hits you with a +0 club. The adder bites you but does no damage.
You shoot an arrow. The arrow completely misses the adder.
The goblin hits you with a +0 club. The goblin barely misses you.
The adder misses you. The goblin misses you. x2
You shoot an arrow. The arrow misses the adder.
The adder bites you but does no damage. The adder barely misses you.
The goblin closely misses you. The goblin hits you with a +0 dagger.
You shoot an arrow. The arrow closely misses the adder.
The adder misses you. The goblin misses you.
The goblin hits you with a +0 club. The adder completely misses you.
You shoot an arrow. The arrow closely misses the adder.
The goblin barely misses you. The goblin hits you but does no damage.
The adder bites you.
You shoot an arrow. The arrow closely misses the adder.
The adder misses you.
Robin roars a battlecry!
The goblins go into a battle-frenzy!
The goblin misses you. The goblin hits you with a +0 dagger.
The adder misses you. The goblin completely misses you.
The goblin hits you but does no damage.
You shoot an arrow. The arrow barely misses the adder.
The adder barely misses you. The goblin closely misses you.
The goblin barely misses you. The adder closely misses you.
You shoot an arrow. The arrow misses the adder.
Robin points. "Kill!"
The goblin hits you with a +0 dagger.
You die...

#.## ##.## # ##.###
#..#. #### #.#.# #
#... #.### ...##.w #.#
#
..)..gS#############.#
# #g@g............# #
###################
#....... #.###.##
#...#.#. #.###.#.
#.#.)... #.#[#.##
##############.......


You could see a worm, Robin, an adder and 2 goblins.

Vanquished Creatures
  Terence (D:2)
  An adder (D:2)
  A dart slug (D:1)
  2 endoplasms
  A hobgoblin (D:2)
  3 jackals (D:1)
  3 quokkas
  2 ball pythons
  3 bats (D:1)
  2 frilled lizards (D:1)
  13 goblins
  5 kobolds (D:1)
  3 rats
40 creatures vanquished.

Notes
Turn   | Place    | Note
-------+----------+-------------------------------------------
     0 | D:1      | qw the Gargoyle Hunter began the quest for the Orb.
     0 | D:1      | Reached XP level 1. HP: 12/12 MP: 1/1
     0 | D:1      | 0 ||| qw: Version: 0.3-a-76-g4403597
     0 | D:1      | 0 ||| qw: Game counter: 29
     0 | D:1      | 0 ||| qw: Melee chars always use a shield: true
     0 | D:1      | 0 ||| qw: God list: Okawaru
     0 | D:1      | 0 ||| qw: Allow faded altars: false
     0 | D:1      | 0 ||| qw: Do Orc after clearing Dungeon:15 true
     0 | D:1      | 0 ||| qw: Do second Lair branch before Depths: true
     0 | D:1      | 0 ||| qw: Lair rune preference: random
     0 | D:1      | 0 ||| qw: Goals: Normal
     0 | D:1      | 0 ||| PLANNING D:1-11
    88 | D:1      | Reached XP level 2. HP: 14/17 MP: 2/2
   866 | D:1      | 866 ||| UPGRADING to +0 ring mail.
   876 | D:1      | 876 ||| DROPPING +0 leather armour.
   877 | D:1      | 877 ||| UPGRADING to +0 pair of boots.
   882 | D:1      | 882 ||| UPGRADING to +5 ring of evasion.
   883 | D:1      | 883 ||| READING 2 scrolls labelled ESESMO ARIS.
   884 | D:1      | 884 ||| READING scroll labelled NAULAESYEPS.
   887 | D:1      | 887 ||| READING scroll labelled ENACEE SUIMP.
   888 | D:1      | 888 ||| DRINKING 2 fuming pink potions.
   889 | D:1      | 889 ||| DROPPING scroll of butterflies.
   944 | D:2      | Reached XP level 3. HP: 21/21 MP: 3/3
   979 | D:2      | Noticed Terence
   990 | D:2      | Killed Terence
  1103 | D:2      | Reached skill level 5 in Ranged Weapons
  1230 | D:2      | Found Byveobuf's Magic Scroll Shop.
  1238 | D:2      | 1238 ||| BUYING scroll of identify (20 gold).
  1238 | D:2      | Bought a scroll of identify for 20 gold pieces
  1238 | D:2      | 1238 ||| SHOPLISTING scroll of identify (20 gold, have 18).
  1238 | D:2      | 1238 ||| SHOPLISTING scroll of teleportation (30 gold, have
                  | 18).
  1358 | D:2      | Reached XP level 4. HP: 26/26 MP: 4/4
  1361 | D:2      | Noticed Robin
  1403 | D:2      | HP: 6/27 [goblin/+0 dagger[Robin] (1)]
  1406 | D:2      | HP: 1/27 [goblin/+0 dagger[Robin] (2)]
  1408 | D:2      | Slain by a goblin

Levels and vault maps discovered:
D:1:      grunt_arrival_lava_bath, layout_basic, nrook_mini_vaults,
          chequers_serial_rivers_room_a
D:2:      minmay_recursive_quarters, layout_loops_ring, serial_shops, shop,
          minmay_misc_feat_roman, uniq_terence, uniq_sigmund, uniq_robin

Skill      XL: |  1  2  3 |
---------------+----------+-----
Armour         | 2 |  2.1
Ranged Weapons | 5 |  5.0
Fighting       | |  2.9
Dodging        | |  1.5
Stealth        | |  1.1

Action                     |  1- 3 |  4- 6 || total
---------------------------+-------+-------++-------
   Fire: Shortbow          |    81 |    51 ||   132
    Use: Scroll            |     3 |       ||     3
         Potion            |     1 |       ||     1
 Armour: Leather armour    |    12 |       ||    12
         Ring mail         |    11 |    50 ||    61
  Dodge: Dodged            |    16 |   100 ||   116

Table legend:
 A = Non-vault XP
 B = Vault XP
 C = Vault XP percentage of total XP
 D = Non-vault monster count
 E = Vault monster count
 F = Vault count percentage of total count
                 A         B        C        D         E       F
            +---------+---------+-------+---------+---------+-------
      Total |      58 |      57 |  49.6 |      28 |      12 |  30.0
            +---------+---------+-------+---------+---------+-------
        D:1 |      33 |       0 |   0.0 |      20 |       0 |   0.0
        D:2 |      25 |      57 |  69.5 |       8 |      12 |  60.0
            +---------+---------+-------+---------+---------+-------
